Map: Rhoskallian LE

Players

qqq - Winner!

  • Race: Protoss Protoss
  • League: Platinum
  • Spawn Location: 11:00

Massa - Winner!

  • Race: Terran Terran
  • League: Platinum
  • Spawn Location: 12:00

Gurran

  • Race: Protoss Protoss
  • League: Platinum
  • Spawn Location: 6:00

Nobelsix

  • Race: Zerg Zerg
  • League: Platinum
  • Spawn Location: 5:00

VOD

Have the link to the VOD?

Description

Time

  • Played on: Jan. 2, 2021, 5 p.m.
  • Length: 10:46
Show
View Real Time Build Order
Export as new Build Order

qqq Protoss - Winner!

Build Orders:  

Get SALT Encoding   

  12  0:00  Probe  
  13  0:19  Probe  
  14  0:23  Pylon  
  14  0:31  Probe  
  15  0:45  Forge  
  15  0:50  Probe  
  16  1:02  Probe  
  17  1:11  Pylon  
  17  1:15  Probe  
  18  1:27  Probe, Pylon  
  18  1:32  Pylon  
  19  1:41  Photon Cannon  
  19  1:53  Photon Cannon  
  18  2:13  Nexus  
  18  2:19  Photon Cannon  
  18  2:33  Pylon  
  18  2:42  Gateway  
  18  2:43  Pylon  
  18  2:44  Probe  
  19  2:54  Photon Cannon  
  19  3:06  Photon Cannon  
  19  3:09  Probe  
  20  3:21  Probe, Photon Cannon  
  21  3:28  Probe  
  21  3:33  Probe  
  23  3:35  Assimilator  
  23  3:40  Probe, Assimilator  
  24  3:44  Pylon  
  24  3:57  Cybernetics Core  
  24  4:01  Photon Cannon  
  24  4:06  Probe  
  24  4:07  Probe  
  26  4:18  Probe (Chrono Boost)  
  26  4:23  Probe (Chrono Boost)  
  28  4:30  Probe (Chrono Boost)  
  30  4:31  Assimilator  
  30  4:34  Probe (Chrono Boost)  
  30  4:35  Probe (Chrono Boost), Assimilator  
  31  4:44  Probe (Chrono Boost)  
  31  4:45  Probe (Chrono Boost)  
  33  4:56  Probe x2 (Chrono Boost)  
  32  5:00  Probe (Chrono Boost)  
  32  5:06  Stargate  
  32  5:21  Probe  
  32  5:22  Probe  
  34  5:33  Probe  
  34  5:34  Probe (Chrono Boost)  
  36  5:40  Stargate  
  36  5:46  Probe x2 (Chrono Boost)  
  36  5:49  Void Ray  
  38  5:55  Probe x2 (Chrono Boost)  
  44  6:00  Probe (Chrono Boost)  
  44  6:01  Probe  
  46  6:05  Pylon  
  46  6:13  Probe  
  47  6:21  Void Ray  
  47  6:24  Fleet Beacon  
  47  6:25  Probe  
  52  6:37  Probe  
  53  6:40  Void Ray  
  57  6:48  Shield Battery  
  57  6:52  Pylon  
  57  6:59  Photon Cannon  
  57  7:02  Pylon  
  63  7:15  Carrier  
  63  7:36  Protoss Air Weapons Level 1  
  63  7:37  Photon Cannon  
  63  7:44  Carrier  
  69  7:54  Nexus  
  69  7:57  Pylon  
  69  8:00  Pylon  
  69  8:19  Tempest  
  74  8:23  Robotics Facility  
  74  8:47  Tempest  
  79  9:02  Tempest  
  84  9:31  Carrier  
  90  9:34  Photon Cannon  
  90  9:38  Photon Cannon  
  90  9:40  Probe (Chrono Boost)  
  91  9:50  Probe (Chrono Boost)  
  98  9:54  Pylon, Nexus  
  98  9:55  Probe (Chrono Boost)  
  98  9:56  Pylon  
  98  9:58  Observer, Pylon  
  100  10:03  Pylon  
  100  10:04  Pylon  
  100  10:07  Probe  
  100  10:08  Pylon  
  101  10:15  Photon Cannon  
  101  10:18  Photon Cannon  
  101  10:19  Probe  
  102  10:31  Probe  
Show
View Real Time Build Order
Export as new Build Order

Massa Terran - Winner!

Build Orders:  

Get SALT Encoding   

  12  0:00  SCV  
  13  0:12  SCV  
  14  0:23  Supply Depot  
  14  0:24  SCV  
  15  0:45  SCV  
  15  0:46  Barracks  
  16  0:57  SCV  
  16  1:03  Supply Depot  
  17  1:09  SCV  
  18  1:21  SCV  
  19  1:35  Refinery, Marine  
  19  1:38  Supply Depot  
  20  1:42  Orbital Command  
  20  1:53  Marine  
  21  2:05  Command Center  
  21  2:13  Barracks  
  21  2:19  Marine  
  22  2:33  SCV  
  22  2:35  Barracks  
  23  2:45  SCV  
  24  2:52  Barracks Tech Lab  
  24  2:57  SCV  
  25  3:01  Marine  
  26  3:09  Supply Depot  
  26  3:11  Marauder  
  26  3:12  Stimpack  
  28  3:14  Supply Depot  
  28  3:18  Marine  
  29  3:20  SCV  
  29  3:23  Orbital Command  
  30  3:27  Marine  
  30  3:32  SCV  
  32  3:36  Marauder, Marine  
  35  3:44  SCV, Marine  
  37  3:53  SCV  
  37  3:54  Marine  
  39  3:57  SCV  
  39  4:01  Factory  
  40  4:12  SCV x2  
  40  4:16  Engineering Bay  
  42  4:17  Refinery  
  42  4:23  Marauder  
  42  4:24  SCV x2, Marine  
  46  4:26  Marine  
  48  4:36  SCV x2  
  50  4:42  Marine  
  50  4:44  Marauder, Marine  
  54  4:47  Command Center  
  54  4:51  SCV x2  
  56  5:02  Factory Tech Lab  
  46  5:27  Marauder, Marine x2  
  50  5:33  Siege Tank  
  53  5:36  Combat Shield  
  53  5:39  SCV x2  
  53  5:40  Refinery  
  55  5:45  Marine  
  55  5:46  Starport  
  55  5:48  Marauder  
  58  5:51  SCV  
  58  5:52  SCV  
  58  5:55  Marine  
  58  5:56  Refinery  
  61  6:01  SCV  
  61  6:03  SCV, Marine  
  61  6:04  SCV  
  65  6:10  Marauder  
  65  6:11  Starport  
  67  6:12  Missile Turret  
  67  6:13  SCV  
  67  6:15  SCV  
  67  6:16  Missile Turret  
  69  6:27  Siege Tank  
  69  6:31  Barracks  
  72  6:32  Barracks  
  72  6:40  Terran Infantry Weapons Level 1  
  72  6:43  Armory  
  72  6:58  Marauder, Marine x2  
  76  7:16  Marine  
  76  7:19  Marauder  
  79  7:26  Starport Tech Lab, Starport Reactor  
  79  7:33  Engineering Bay  
  79  7:42  Siege Tank  
  84  8:13  Marauder  
  84  8:14  Barracks Reactor, Barracks Tech Lab  
  84  8:26  Supply Depot x2  
  84  8:27  Supply Depot  
  84  8:28  Supply Depot  
  84  8:30  Terran Infantry Armor Level 1, Terran Vehicle Weapons Level 1  
  84  8:31  Command Center  
  84  8:48  Marauder, Siege Tank  
  89  8:50  Supply Depot  
  89  8:52  Supply Depot  
  89  8:53  Supply Depot  
  89  8:54  Supply Depot  
  89  9:06  Marauder, Marine x4  
  89  9:09  Marauder  
  97  9:13  Medivac x3  
  98  9:18  Supply Depot  
  98  9:19  Supply Depot  
  98  9:20  Siege Tank  
  98  9:22  Planetary Fortress  
  101  9:24  SCV  
  101  9:25  SCV  
  101  9:27  Marauder  
  101  9:31  Marauder  
  107  9:36  SCV  
  107  9:37  SCV  
  109  9:43  Medivac  
  111  9:49  SCV x2  
  113  9:59  SCV  
  114  10:01  SCV x2  
  116  10:08  Medivac x2  
  116  10:11  SCV  
  116  10:13  SCV x2  
  110  10:23  SCV  
  110  10:25  SCV  
Show
View Real Time Build Order
Export as new Build Order

Gurran Protoss 

Build Orders:  

Get SALT Encoding   

  12  0:04  Probe (Chrono Boost)  
  13  0:13  Probe (Chrono Boost)  
  14  0:20  Pylon  
  14  0:23  Probe  
  15  0:40  Gateway  
  15  0:43  Probe  
  16  0:55  Probe  
  17  1:07  Probe  
  18  1:16  Gateway  
  18  1:19  Probe  
  19  1:31  Probe  
  19  1:32  Pylon  
  20  1:43  Probe  
  20  1:44  Zealot  
  23  1:50  Cybernetics Core  
  23  1:52  Assimilator  
  23  1:56  Probe, Pylon  
  24  2:08  Zealot  
  25  2:20  Gateway  
  24  2:24  Zealot  
  24  2:25  Pylon  
  26  2:39  Probe (Chrono Boost), Assimilator  
  27  2:45  Pylon  
  27  2:48  Probe (Chrono Boost)  
  27  2:49  Gateway  
  27  2:51  Warp Gate (Chrono Boost)  
  28  3:05  Probe  
  29  3:17  Probe  
  30  3:21  Twilight Council  
  30  3:40  Pylon  
  30  3:55  Charge (Chrono Boost)  
  30  4:09  Nexus  
  28  4:37  Adept x2  
  28  4:38  Adept x2  
  36  5:00  Adept x2  
  36  5:01  Adept x2  
  30  5:21  Stalker x3  
  30  5:22  Stalker  
  30  5:27  Nexus  
  36  5:45  Stalker x4  
  44  6:01  Pylon  
  44  6:05  Pylon  
  44  6:16  Zealot  
  46  6:23  Pylon  
  46  6:45  Probe (Chrono Boost)  
  47  6:47  Stalker x3  
  47  6:48  Stalker  
  55  6:55  Probe (Chrono Boost)  
  55  7:00  Probe (Chrono Boost)  
  57  7:05  Probe (Chrono Boost)  
  59  7:08  Probe (Chrono Boost)  
  59  7:13  Pylon  
  59  7:34  Shield Battery  
  59  7:35  Shield Battery  
  59  7:36  Shield Battery  
  59  7:39  Adept  
  59  7:40  Adept  
  59  7:41  Adept  
  65  7:45  Probe (Chrono Boost)  
  65  7:49  Assimilator  
  66  7:53  Assimilator  
  66  7:55  Probe (Chrono Boost)  
  65  8:28  Stalker  
  65  8:29  Stalker x3  
  69  8:52  Zealot x3  
  69  8:54  Zealot  
  77  9:08  Pylon  
  77  9:09  Pylon  
  61  9:27  Stalker  
  61  9:28  Stalker x3  
  68  9:36  Probe  
  69  9:48  Probe  
  69  9:50  Nexus  
  70  9:58  Zealot x2  
  70  9:59  Zealot  
  76  10:00  Probe  
  35  10:31  Stalker x2  
  35  10:32  Stalker x2  
Show
View Real Time Build Order
Export as new Build Order

Nobelsix Zerg 

Build Orders: Pool First 

Get SALT Encoding   

  12  0:00  Drone  
  13  0:18  Overlord  
  13  0:21  Drone  
  14  0:38  Spawning Pool  
  14  0:40  Drone  
  14  0:43  Drone  
  14  0:48  Drone  
  16  0:54  Extractor  
  15  1:05  Drone x2  
  17  1:24  Zergling x2  
  18  1:26  Queen, Zergling x2  
  21  1:37  Zergling x2  
  22  2:04  Overlord  
  22  2:19  Metabolic Boost  
  22  2:22  Hatchery  
  20  2:31  Roach Warren, Zergling x4  
  20  2:32  Zergling x2  
  22  2:41  Overlord  
  22  2:55  Zergling x4  
  22  2:57  Zergling x2  
  25  3:15  Roach x4  
  33  3:33  Roach  
  35  3:39  Roach  
  34  3:57  Roach  
  36  4:18  Hatchery, Roach  
  36  4:19  Overlord  
  36  4:37  Roach x2  
  36  4:38  Roach x2  
  43  4:40  Drone  
  44  4:53  Overlord  
  44  5:12  Roach x3  
  50  5:16  Drone x2  
  52  5:31  Queen  
  52  5:33  Drone x2  
  56  5:41  Roach x2  
  60  5:47  Overlord  
  60  5:50  Overlord  
  60  6:10  Zergling x8  
  64  6:12  Drone  
  64  6:39  Drone  
  66  6:40  Drone x4  
  66  6:43  Extractor, Lair  
  66  6:45  Drone x2  
  66  6:46  Drone x3, Overlord  
  73  7:08  Spore Crawler  
  72  7:12  Spore Crawler  
  72  7:13  Spore Crawler  
  72  7:15  Spore Crawler  
  69  7:23  Drone x2  
  69  7:24  Drone x3  
  69  7:25  Overlord x2  
  74  7:38  Drone x3  
  74  7:39  Drone  
  74  7:43  Infestation Pit  
  77  7:47  Extractor  
  77  7:50  Extractor  
  75  7:51  Drone x2  
  75  7:52  Drone  
  76  8:32  Spire, Hive  
  75  8:34  Roach  
  75  8:36  Zergling x8  
  75  8:37  Zergling x4  
  83  8:48  Overseer  
  83  9:01  Zergling x8  
  83  9:02  Zergling x2  
  87  9:10  Hatchery  
  86  9:19  Zergling x8  
  88  9:38  Overlord x2  
  88  9:52  Hydralisk Den  
  87  9:55  Overlord x3  
  87  10:06  Zergling x8  
Tags
 
Add a new tag
Caveats
  • Supply blocks, unpowered buildings, or Contaminate may cause inaccurate times.
  • Supply counts are checked every 10 seconds.